AoeStats
← 十大地方

African Clearing

510665830Analyzed
4v4 RM · 16h ago on Oct 2, 2026· 75m 44s· 8 players
Game mode
Random Map
Map size
Large (8 player)
Population
200
Speed
Normal
Resources
Standard
Victory
Conquest
Starting age
Dark Age
Ending age
Imperial Age
RankedLock teamsTeams togetherTeam positionsShared explorationLock speedFull tech treeHidden civsTurbo modeCheats
Victory
Defeat
🇨🇳 Khmer · China
1801
+18
🇨🇳 Burgundians · China
1780
+19
1533
+26
1526
+26
🇮🇳 Varangians · India
2087
-30
🇺🇸 Dravidians · United States
1794
-22
🇺🇸 Bohemians · United States
1723
-19
🇦🇷 Hindustanis · Argentina
1699
-18
FYI Inc
10:20 Loom
13:11 Feudal Age
13:27 Feudal Age
14:39 Town Watch
17:21 Castle Age
15:35 Double-Bit Axe
15:59 Stone Mining
18:22 Bow Saw
29:39 Scale Mail Armor
30:19 Squires
32:47 Horse Collar
35:40 Chain Mail Armor
36:25 Forging
39:25 Gold Mining
40:41 Wheelbarrow
40:26 Arson
41:18 Iron Casting
42:02 Hand Cart
42:29 Fletching
43:16 Heavy Plow
46:18 Imperial Age
45:06 Gambesons
47:31 Plate Mail Armor
46:22 Elite Urumi Swordsman
47:24 Conscription
47:39 Wootz Steel
49:06 Blast Furnace
48:20 Guilds
51:31 Coinage
54:03 Two-Man Saw
55:53 Banking
56:29 Padded Archer Armor
57:01 Bodkin Arrow
56:39 Elite Skirmisher
57:25 Thumb Ring
57:45 Masonry
57:59 Ballistics
59:18 Leather Archer Armor
59:04 Bracer
59:20 Medical Corps
60:31 Chemistry
58:53 Elite Elephant Archer
60:38 Ring Archer Armor
62:54 Siege Elephant
64:45 Caravan
69:00 Pikeman
BMyers
6:32 Loom
13:27 Feudal Age
17:37 Castle Age
15:23 Double-Bit Axe
27:03 Town Watch
27:57 Wheelbarrow
30:48 Redemption
32:58 Sanctity
39:54 Hand Cart
46:16 Imperial Age
45:25 Chemistry
45:07 Pikeman
54:49 Halberdier
55:30 Squires
55:31 Scale Mail Armor
55:36 Padded Archer Armor
56:53 Forging
57:49 Leather Archer Armor
59:30 Ring Archer Armor
61:27 Chain Mail Armor
63:24 Plate Mail Armor
63:38 Bow Saw
65:59 Ballistics
66:06 Fletching
70:00 Elite Skirmisher
70:37 Bodkin Arrow
71:24 Masonry
72:11 Bracer
DS_Dragonstar
12:20 Feudal Age
15:58 Castle Age
14:45 Double-Bit Axe
14:47 Loom
14:44 Horse Collar
17:25 Bow Saw
18:01 Heavy Plow
19:19 Loom
27:23 Wheelbarrow
26:33 Town Watch
28:59 Hand Cart
28:30 Town Watch
33:18 Imperial Age
31:17 Scale Barding Armor
31:22 Forging
32:36 Chain Barding Armor
34:37 Plate Barding Armor
34:16 Bloodlines
34:06 Husbandry
34:56 Husbandry
34:43 Cavalier
36:56 Conscription
36:03 Vendel Legacy
37:02 Fletching
37:48 Iron Casting
37:46 Cranequins
38:18 Heavy Mounted Crossbowman
39:09 Bodkin Arrow
40:20 Ballistics
41:06 Chemistry
42:20 Padded Archer Armor
42:25 Bracer
43:56 Leather Archer Armor
57:06 Ring Archer Armor
57:51 Gold Mining
57:51 Stone Mining
58:35 Crop Rotation
60:34 Blast Furnace
59:48 Guilds
59:54 Light Cavalry
60:49 Capped Ram
61:42 Hussar
67:25 Two-Man Saw
69:48 Onager
PatrickJane
10:33 Feudal Age
10:44 Loom
11:22 Double-Bit Axe
14:27 Horse Collar
15:03 Town Watch
20:15 Castle Age
19:53 Scale Barding Armor
19:59 Bloodlines
20:18 Light Cavalry
23:35 Husbandry
25:25 Wheelbarrow
28:06 Chain Barding Armor
29:04 Forging
34:43 Hand Cart
44:38 Imperial Age
42:21 Bow Saw
44:41 Heavy Camel Rider
46:04 Plate Barding Armor
46:35 Hussar
48:56 Imperial Camel Rider
51:12 Iron Casting
55:52 Heavy Plow
56:49 Conscription
58:55 Blast Furnace
57:32 Siege Elephant
65:12 Fletching
67:34 Ballistics
68:15 Chemistry
70:01 Bodkin Arrow
70:09 Padded Archer Armor
你可以打我队友吗
9:32 Loom
11:39 Feudal Age
11:55 Man-at-Arms
13:36 Scale Mail Armor
13:48 Forging
14:40 Town Watch
23:31 Castle Age
21:42 Scale Mail Armor
22:06 Double-Bit Axe
23:46 Long Swordsman
24:27 Squires
24:47 Chain Mail Armor
26:42 Horse Collar
30:38 Iron Casting
35:20 Bow Saw
35:12 Heavy Plow
35:03 Gold Mining
36:43 Fletching
37:03 Pikeman
42:48 Imperial Age
41:37 Wheelbarrow
43:39 Hand Cart
43:32 Stone Mining
43:36 Treadmill Crane
44:18 Ballistics
45:03 Blast Furnace
43:24 Halberdier
44:43 Conscription
44:58 Perfusion
44:59 Two-Handed Swordsman
45:24 Champion
47:11 Chemistry
61:13 Blast Furnace
60:09 Bodkin Arrow
60:14 Elite Skirmisher
60:57 Padded Archer Armor
62:37 Bracer
62:37 Murder Holes
62:18 Elite Huskarl
63:00 Anarchy
65:29 Two-Man Saw
66:01 Caravan
66:32 Coinage
66:13 Guilds
68:00 Stone Shaft Mining
67:56 Crop Rotation
72:05 Capped Ram
73:51 Leather Archer Armor
III
12:53 Feudal Age
12:48 Loom
16:08 Castle Age
15:07 Double-Bit Axe
16:09 Crossbowman
17:02 Fletching
23:12 Bodkin Arrow
38:29 Bow Saw
38:00 Horse Collar
40:05 Heavy Plow
39:55 Gold Mining
39:56 Stone Mining
43:50 Wheelbarrow
49:44 Imperial Age
48:44 Stone Shaft Mining
47:51 Pikeman
49:35 Hand Cart
49:56 Scale Mail Armor
51:08 Gold Shaft Mining
51:43 Bloodlines
51:34 Husbandry
51:41 Scale Barding Armor
51:46 Forging
51:07 Halberdier
52:17 Conscription
51:57 Elite Ballista Elephant
53:39 Siege Engineers
53:57 Ballistics
55:31 Chemistry
54:52 Chain Mail Armor
54:43 Scale Barding Armor
55:01 Double Crossbow
55:32 Bracer
55:55 Chain Barding Armor
57:56 Masonry
57:53 Capped Ram
61:23 Plate Barding Armor
65:03 Caravan
64:49 Siege Ram
66:14 Architecture
68:36 Hoardings
67:59 Light Cavalry
69:15 Iron Casting
71:20 Blast Furnace
71:45 Murder Holes
遥かに仰ぎ,麗しの
3:32 Loom
12:36 Feudal Age
16:37 Castle Age
14:59 Double-Bit Axe
17:50 Bow Saw
17:53 Fletching
21:23 Fletching
23:40 Horse Collar
25:47 Bodkin Arrow
26:43 Padded Archer Armor
27:44 Wheelbarrow
30:06 Gold Mining
30:31 Heavy Plow
30:27 Stone Mining
35:04 Imperial Age
32:26 Town Watch
33:58 Leather Archer Armor
34:16 Scale Mail Armor
34:45 Hand Cart
35:14 Squires
35:41 Chain Mail Armor
35:53 Bracer
36:57 Chemistry
36:20 Ballistics
37:23 Conscription
38:09 Plate Mail Armor
37:50 Forging
37:24 Elite Fire Lancer
39:09 Iron Casting
39:21 Arson
40:43 Gold Shaft Mining
40:12 Town Patrol
39:44 Elite Chu Ko Nu
41:54 Ring Archer Armor
42:25 Blast Furnace
42:40 Blast Furnace
43:22 Coinage
43:59 Stone Shaft Mining
44:33 Banking
47:57 Masonry
47:55 Pikeman
50:41 Two-Man Saw
十大地方
2:10 Double-Bit Axe
2:36 Double-Bit Axe
11:03 Loom
13:07 Feudal Age
14:23 Bow Saw
18:02 Castle Age
20:02 Two-Man Saw
20:41 Horse Collar
21:43 Heavy Plow
24:21 Wheelbarrow
25:49 Town Watch
26:08 Stone Mining
27:18 Scale Barding Armor
27:35 Hand Cart
32:54 Imperial Age
31:21 Chain Barding Armor
31:39 Stone Shaft Mining
31:19 Gold Mining
33:05 Forging
32:57 Fletching
33:20 Husbandry
33:58 Conscription
34:24 Plate Barding Armor
34:33 Gold Shaft Mining
34:31 Crop Rotation
35:16 Burgundian Vineyards
34:32 Elite Coustillier
34:38 Elite Coustillier
36:06 Iron Casting
37:55 Bodkin Arrow
39:02 Blast Furnace
40:15 Coinage
42:59 Ballistics
43:39 Chemistry
42:41 Bracer
43:40 Banking
43:27 Murder Holes
43:13 Treadmill Crane
43:43 Masonry
44:11 Hoardings
45:42 Town Patrol
45:06 Light Cavalry
54:33 Burgundian Vineyards
53:52 Pikeman
54:32 Squires
54:33 Scale Mail Armor
54:48 Hussar
56:41 Halberdier
57:37 Chain Mail Armor
58:13 Caravan
59:03 Architecture
61:51 Plate Mail Armor
Connection lost

Rejoining the realm…

Still unreachable

The connection could not be restored.

Session expired

The server has moved on; the page needs a fresh start.